 Dungeon Crawl Stone Soup version 0.26-a0-810-ge1a9524b62 (webtiles) character file.

Game seed: 14160322620626744888

8 dickylongcocking the Shield-Bearer (level 2, -2/21 HPs)
             Began as an Octopode Fighter on Nov 13, 2020.
             Killed from afar by Robin (13 damage)
             ... with a puff of flame
             ... on level 2 of the Dungeon.
             The game lasted 00:00:15 (193 turns).

dickylongcocking the Shield-Bearer (OpFi)            Turns: 193, Time: 00:00:16

Health: -2/21      AC:  1    Str: 15    XL:     2   Next: 8%
Magic:  2/2        EV: 11    Int: 10    God:
Gold:   56         SH:  8    Dex: 11    Spells: 1/1 levels left

rFire    . . .     SeeInvis .     - Unarmed
rCold    . . .     Faith    .   a - +0 kite shield
rNeg     . . .     Spirit   .   (helmet restricted)
rPois    .         Reflect  .   (no amulet)
rElec    .         Harm     .   (no ring)
rCorr    .         Rampage  .   (no ring)
MR       .....                  (no ring)
Stlth    ++........             (no ring)
HPRegen  0.07/turn              (no ring)
MPRegen  0.08/turn              (no ring)
                                (no ring)
                                (no ring)

@: mighty
A: almost no armour, stealthy swim, amphibious, 8 rings, constrict 8, camouflage
1, gelatinous body 1
a: no special abilities


You were on level 2 of the Dungeon.
You visited 1 branch of the dungeon, and saw 2 of its levels.

You collected 56 gold pieces.

Inventory:

Armour
 a - a +0 kite shield (worn)
Potions
 c - a potion of curing {unknown}


   Skills:
 - Level 3.0 Fighting
 - Level 3.0 Dodging
 - Level 3.0 Shields
 * Level 2.7 Unarmed Combat


You had one spell level left.
You didn't know any spells.
Your spell library was empty.

Dungeon Overview and Level Annotations

Branches:
Dungeon (2/15)

Altars:

Annotations:
D:2 Robin


Innate Abilities, Weirdness & Mutations

You cannot wear most types of armour.
You are very stealthy in the water. (Stealth+)
You are amphibious.
You can wear up to eight rings at the same time.
You can use your tentacles to constrict eight enemies at once.
Your skin changes colour to match your surroundings (Stealth+).
Your rubbery body absorbs attacks. (AC +1, EV +1)


Message History

You aren't carrying any items that you can evoke.
Unknown command.
You barely miss the goblin. You grab the goblin. You constrict the goblin.
The goblin closely misses you. You block Robin's attack.
Unknown command.
You bludgeon the goblin!
You kill the goblin!
You block Robin's attack.
Unknown command.
Robin hits you with a +0 trident!
Things that are here:
a +0 club; a +0 club; a hobgoblin corpse You tentacle-slap Robin.
You grab Robin. You squeeze Robin.
Robin is moderately wounded.
You constrict Robin. Robin closely misses you.
You tentacle-slap Robin.
Robin is almost dead.
You constrict Robin.
Robin zaps a wand.
The puff of flame hits you!
Ouch! That really hurt!
You die...

#################.#
#........).@gggg..#
#.#################
#####'## #......#
#......# #......#
#......# #.(....#
#......#


You could see Robin, a hobgoblin (strong) and 2 goblins.

Vanquished Creatures
  A goblin (D:2)
  3 hobgoblins
  2 bats (D:1)
  2 rats
8 creatures vanquished.

Notes
Turn   | Place    | Note
-------+----------+-------------------------------------------
     0 | D:1      | dickylongcocking the Octopode Fighter began the quest for
                  | the Orb.
     0 | D:1      | Reached XP level 1. HP: 16/16 MP: 1/1
   181 | D:2      | Noticed Robin
   186 | D:2      | Reached XP level 2. HP: 18/21 MP: 2/2
   193 | D:2      | Killed from afar by Robin

Illustrated notes

Levels and vault maps discovered:
D:1:      dpeg_arrival_subterranean_lakeside_camping, layout_basic,
          wander_ebering_terrifying_dragon_lair
D:2:      layout_basic, dancing_weapons_uskayaw, uniq_robin

Action                   || total
-------------------------++-------
Melee: Unarmed           ||    14
       Tentacles         ||     5
       Constrict         ||     4
       Punch             ||     1
  Use: Potion            ||     1
 Stab: Sleeping          ||     1
Dodge: Dodged            ||     3
Block: Kite shield       ||     4

Table legend: (Time is in decaauts)
 A = Elapsed time spent in this place.
 B = Non-inter-level travel time spent in this place.
 C = Inter-level travel time spent in this place.
 D = Time resting spent in this place.
 E = Time spent auto-exploring this place.
 F = Levels seen in this place.
 G = Mean time per level.
                   A        B        C        D        E       F      G
               +--------+--------+--------+--------+--------+-----+--------+
         Total |    193 |    175 |     18 |      0 |    130 |   2 |   96.5 |
       Dungeon |    193 |    175 |     18 |      0 |    130 |   2 |   96.5 |
               +--------+--------+--------+--------+--------+-----+--------+

Top non-repeatable levels by time:
     D:1: 103 daAuts
     D:2: 90 daAuts
